3AAA
AUGUSTA TIMBER HAWKS @ ALASKAN HUMPBACKS
08/17/2028
 
TOP OF THE 1ST
Augusta Timber Hawks batting - Pitching for Alaskan Humpbacks : RHP Neil Franson
Pitching: RHP Neil Franson
Batting: RHB Kenny Fleming 0-0: Swinging Strike
0-1: SOLO HOME RUN (Flyball, 78XD), Distance : 421 ft
Batting: RHB Anastasio Hernández 0-0: Called Strike
0-1: Ball
1-1: Ball
2-1: Called Strike
2-2: Ball
3-2: Ground out 5-3 (Groundball, 56)
Batting: RHB Scott Robertson 0-0: Foul Ball, location: 2F
0-1: Called Strike
0-2: Ball
1-2: Foul Ball, location: 2F
1-2: Strikes out swinging
Batting: SHB Adrián Zamudio 0-0: Called Strike
0-1: Ball
1-1: Ground out 5-3 (Groundball, 56S)
Top of the 1st over - 1 run(s), 1 hit(s), 0 error(s), 0 left on base; Augusta 1 - Alaskan 0
BOTTOM OF THE 1ST
Alaskan Humpbacks batting - Pitching for Augusta Timber Hawks : RHP Sixto Soto
Pitching: RHP Sixto Soto
Batting: RHB Augusto Escobar 0-0: Foul Ball, location: 2F
0-1: Foul Ball, location: 2F
0-2: Strikes out swinging
Batting: RHB Jack Peck 0-0: Called Strike
0-1: Called Strike
0-2: Ball
1-2: Ball
2-2: Ball
3-2: Ground out 6-3 (Groundball, 56)
Batting: LHB Miguel Martínez 0-0: Foul Ball, location: 2F
0-1: Called Strike
0-2: Fly out, F8 (Flyball, 8LS)
Bottom of the 1st over - 0 run(s), 0 hit(s), 0 error(s), 0 left on base; Augusta 1 - Alaskan 0
TOP OF THE 2ND
Augusta Timber Hawks batting - Pitching for Alaskan Humpbacks : RHP Neil Franson
Batting: RHB Uchino Akahito 0-0: Ball
1-0: SINGLE (Groundball, 34S) (infield hit)
Batting: RHB Pedro Jiménez 0-0: Ball
1-0: Ball
2-0: Called Strike
2-1: Swinging Strike
2-2: Foul Ball, location: 2F
2-2: Strikes out swinging
Batting: RHB Armond Merlin 0-0: Ball
1-0: Ball
2-0: Called Strike
2-1: 2-RUN HOME RUN (Line Drive, 7D), Distance : 394 ft
Batting: LHB José Pérez 0-0: Called Strike
0-1: Ball
1-1: Ball
2-1: Ball
3-1: Base on Balls
Batting: LHB Luis Moreno 0-0: Ball
1-0: Ball
2-0: DOUBLE (Flyball, 78D)
José Pérez to third
Runner from 3rd tries for Home, SAFE, no throw
Batting: RHB Kenny Fleming 0-0: Ball
1-0: Ball
2-0: Ball
3-0: Called Strike
3-1: Called Strike
3-2: Reached on error, E7 (Flyball, 7)
Luis Moreno to third
Batting: RHB Anastasio Hernández 0-0: Ball
1-0: Ball
Wild Pitch!
Luis Moreno scores
Kenny Fleming to second
2-0: Ball
3-0: Called Strike
3-1: Ground out 3-1 (Groundball, 34S)
Kenny Fleming to third
Batting: RHB Scott Robertson 0-0: Called Strike
0-1: Called Strike
0-2: Ball
1-2: Ball
2-2: Ball
3-2: Foul Ball, location: 2F
3-2: Foul Ball, location: 2F
3-2: Foul Ball, location: 2F
3-2: Foul Ball, location: 2F
3-2: Foul Ball, location: 2F
3-2: Strikes out swinging
Top of the 2nd over - 4 run(s), 3 hit(s), 1 error(s), 1 left on base; Augusta 5 - Alaskan 0
BOTTOM OF THE 2ND
Alaskan Humpbacks batting - Pitching for Augusta Timber Hawks : RHP Sixto Soto
Batting: RHB Urs van Munster 0-0: Ground out 5-3 (Groundball, 56S)
Batting: LHB Kelly Drijver 0-0: Called Strike
0-1: Ball
1-1: Foul Ball, location: 2F
1-2: Foul Ball, location: 2F
1-2: Strikes out swinging
Batting: SHB Kai-xi Choe 0-0: Ball
1-0: Ground out 4-3 (Groundball, 4)
Bottom of the 2nd over - 0 run(s), 0 hit(s), 0 error(s), 0 left on base; Augusta 5 - Alaskan 0
TOP OF THE 3RD
Augusta Timber Hawks batting - Pitching for Alaskan Humpbacks : RHP Neil Franson
Batting: SHB Adrián Zamudio 0-0: Ground out 6-3 (Groundball, 6)
Batting: RHB Uchino Akahito 0-0: Ball
1-0: Ball
2-0: Ball
3-0: Base on Balls
Batting: RHB Pedro Jiménez 0-0: Foul Ball, location: 2F
0-1: Called Strike
0-2: Ball
1-2: SINGLE (Groundball, 6MD)
Uchino Akahito to second
Runner from 2nd tries for 3rd, OUT!
Pedro Jiménez to second
Batting: RHB Armond Merlin 0-0: Called Strike
0-1: Foul Ball, location: 2F
0-2: Strikes out swinging, 2-3 out at first.
Top of the 3rd over - 0 run(s), 1 hit(s), 0 error(s), 1 left on base; Augusta 5 - Alaskan 0
BOTTOM OF THE 3RD
Alaskan Humpbacks batting - Pitching for Augusta Timber Hawks : RHP Sixto Soto
Batting: RHB Michael Riley 0-0: Ball
1-0: Ball
2-0: Ground out 1-3 (Groundball, 15S)
Batting: RHB Gregory Shankland 0-0: Ball
1-0: Foul Ball, location: 2F
1-1: Foul Ball, location: 2F
1-2: Fly out, F8 (Flyball, 8LD)
Batting: RHB José López 0-0: Ball
1-0: Called Strike
1-1: Ball
2-1: Ball
3-1: Ground out 4-3 (Groundball, 4)
Bottom of the 3rd over - 0 run(s), 0 hit(s), 0 error(s), 0 left on base; Augusta 5 - Alaskan 0
TOP OF THE 4TH
Augusta Timber Hawks batting - Pitching for Alaskan Humpbacks : RHP Neil Franson
Batting: LHB José Pérez 0-0: Called Strike
0-1: Ball
1-1: Ground out 4-3 (Groundball, 4)
Batting: LHB Luis Moreno 0-0: Fly out, F7 (Flyball, 78S)
Batting: RHB Kenny Fleming 0-0: Ball
1-0: Swinging Strike
1-1: Swinging Strike
1-2: SINGLE (Groundball, 25) (infield hit)
Batting: RHB Anastasio Hernández 0-0: Called Strike
Kenny Fleming is caught stealing 2nd base
Top of the 4th over - 0 run(s), 1 hit(s), 0 error(s), 0 left on base; Augusta 5 - Alaskan 0
BOTTOM OF THE 4TH
Alaskan Humpbacks batting - Pitching for Augusta Timber Hawks : RHP Sixto Soto
Batting: RHB Augusto Escobar 0-0: Ball
1-0: Ball
2-0: Fly out, F5 (Popup, 5D)
Batting: RHB Jack Peck 0-0: Ball
1-0: Swinging Strike
1-1: Ball
2-1: Ball
3-1: Foul Ball, location: 2F
3-2: Strikes out swinging
Batting: LHB Miguel Martínez 0-0: Called Strike
0-1: Ball
1-1: Ball
2-1: Ball
3-1: Base on Balls
Batting: RHB Urs van Munster 0-0: Ball
1-0: Ball
Miguel Martínez is caught stealing 2nd base
Bottom of the 4th over - 0 run(s), 0 hit(s), 0 error(s), 0 left on base; Augusta 5 - Alaskan 0
TOP OF THE 5TH
Augusta Timber Hawks batting - Pitching for Alaskan Humpbacks : RHP Neil Franson
Batting: RHB Anastasio Hernández 0-0: Called Strike
0-1: Called Strike
0-2: Foul Ball, location: 2F
0-2: Ball
1-2: Ball
2-2: Fly out, F4 (Line Drive, 34)
Pitching: RHP Fernando Peralta
Batting: RHB Scott Robertson 0-0: Called Strike
0-1: SOLO HOME RUN (Flyball, 78XD), Distance : 434 ft
Batting: SHB Adrián Zamudio 0-0: Called Strike
0-1: Ball
1-1: Ball
2-1: Called Strike
2-2: Ball
3-2: Foul Ball, location: 2F
3-2: Base on Balls
Batting: RHB Uchino Akahito Balk!
Adrián Zamudio to second
0-0: Called Strike
0-1: Ball
1-1: Fly out, F8 (Flyball, 8RM)
Batting: RHB Pedro Jiménez 0-0: Ball
1-0: Swinging Strike
1-1: Swinging Strike
1-2: Strikes out swinging
Top of the 5th over - 1 run(s), 1 hit(s), 0 error(s), 1 left on base; Augusta 6 - Alaskan 0
BOTTOM OF THE 5TH
Alaskan Humpbacks batting - Pitching for Augusta Timber Hawks : RHP Sixto Soto
Batting: RHB Urs van Munster 0-0: Ball
1-0: Fly out, F9 (Flyball, 9LM)
Batting: LHB Kelly Drijver 0-0: Ball
1-0: Ball
2-0: SINGLE (Groundball, 34D)
Batting: SHB Kai-xi Choe 0-0: Ball
1-0: Called Strike
1-1: Called Strike
1-2: Ball
2-2: SINGLE (Line Drive, 5)
Kelly Drijver to second
Batting: RHB Michael Riley 0-0: Fly out, F8 (Line Drive, 89M)
Batting: RHB Gregory Shankland 0-0: Swinging Strike
0-1: Fielders Choice at 2nd, 6-4 (Groundball, 6)
Bottom of the 5th over - 0 run(s), 2 hit(s), 0 error(s), 1 left on base; Augusta 6 - Alaskan 0
TOP OF THE 6TH
Augusta Timber Hawks batting - Pitching for Alaskan Humpbacks : RHP Fernando Peralta
Batting: RHB Armond Merlin 0-0: Ball
1-0: Fly out, F8 (Flyball, 8LM)
Batting: LHB José Pérez 0-0: SINGLE (Groundball, 4M) (infield hit)
Batting: LHB Luis Moreno 0-0: Called Strike
0-1: Ball
José Pérez steals 2nd base
1-1: Ball
2-1: Ball
José Pérez steals 3rd base
3-1: Foul Ball, location: 2F
3-2: Base on Balls
Batting: RHB Kenny Fleming 0-0: Ball
1-0: Ball
2-0: Called Strike
2-1: Called Strike
2-2: Foul Ball, location: 2F
2-2: Ball
3-2: Base on Balls
Luis Moreno to second
Batting: RHB Anastasio Hernández 0-0: Ball
1-0: Ball
2-0: Foul Ball, location: 2F
2-1: Foul Ball, location: 2F
2-2: Foul Ball, location: 2F
2-2: Ball
3-2: Base on Balls
José Pérez scores
Luis Moreno to third
Kenny Fleming to second
Pitching: LHP José Reyna
Batting: RHB Scott Robertson 0-0: Ball
1-0: Ball
2-0: Fly out, F9 (Flyball, 9LSF)
Runner from 3rd tags up, SCORES, no throw
Batting: SHB Adrián Zamudio 0-0: Ball
1-0: Ball
2-0: SINGLE (Line Drive, 6)
Kenny Fleming to third
Anastasio Hernández to second
Runner from 3rd tries for Home, SAFE, no throw
Batting: RHB Uchino Akahito 0-0: Foul Ball, location: 2F
0-1: Ball
1-1: Foul Ball, location: 2F
1-2: Strikes out looking
Top of the 6th over - 3 run(s), 2 hit(s), 0 error(s), 2 left on base; Augusta 9 - Alaskan 0
BOTTOM OF THE 6TH
Alaskan Humpbacks batting - Pitching for Augusta Timber Hawks : RHP Sixto Soto
Batting: RHB José López 0-0: DOUBLE (Flyball, 8RXD)
Batting: RHB Augusto Escobar 0-0: Ball
1-0: Swinging Strike
1-1: Called Strike
1-2: Ball
2-2: Strikes out looking
Batting: RHB Jack Peck 0-0: Foul Ball, location: 2F
0-1: Ball
1-1: Ball
2-1: Fly out, F3 (Line Drive, 3S)
Batting: LHB Miguel Martínez 0-0: Called Strike
0-1: Called Strike
0-2: Foul Ball, location: 2F
0-2: Ball
1-2: Ball
2-2: Foul Ball, location: 2F
2-2: Fly out, F8 (Flyball, 8RM)
Bottom of the 6th over - 0 run(s), 1 hit(s), 0 error(s), 1 left on base; Augusta 9 - Alaskan 0
TOP OF THE 7TH
Augusta Timber Hawks batting - Pitching for Alaskan Humpbacks : LHP José Reyna
Batting: RHB Pedro Jiménez 0-0: Foul Ball, location: 2F
0-1: Ball
1-1: Ground out 5-3 (Groundball, 56S)
Batting: RHB Armond Merlin 0-0: Foul Ball, location: 2F
0-1: Ball
1-1: Reached on error, E6 (Groundball, 6)
Batting: LHB José Pérez 0-0: Foul Ball, location: 2F
0-1: Foul Ball, location: 2F
0-2: Ball
1-2: Ball
2-2: Ball
3-2: Fly out, F8 (Flyball, 89M)
Batting: LHB Luis Moreno 0-0: Fly out, F7 (Flyball, 7)
Top of the 7th over - 0 run(s), 0 hit(s), 1 error(s), 1 left on base; Augusta 9 - Alaskan 0
BOTTOM OF THE 7TH
Alaskan Humpbacks batting - Pitching for Augusta Timber Hawks : RHP Sixto Soto
Batting: RHB Urs van Munster 0-0: Ball
1-0: Foul Ball, location: 2F
1-1: Ball
2-1: Called Strike
2-2: Fly out, F6 (Line Drive, 6M)
Batting: LHB Kelly Drijver 0-0: Ball
1-0: Ball
2-0: Called Strike
2-1: Called Strike
2-2: Ball
3-2: Base on Balls
Batting: SHB Kai-xi Choe 0-0: Called Strike
0-1: Foul Ball, location: 2F
0-2: Strikes out looking
Batting: RHB Michael Riley 0-0: Called Strike
0-1: Ball
Kelly Drijver steals 2nd base
1-1: Swinging Strike
1-2: Strikes out swinging
Bottom of the 7th over - 0 run(s), 0 hit(s), 0 error(s), 1 left on base; Augusta 9 - Alaskan 0
TOP OF THE 8TH
Augusta Timber Hawks batting - Pitching for Alaskan Humpbacks : LHP José Reyna
Batting: RHB Kenny Fleming 0-0: Foul Ball, location: 2F
0-1: Fly out, F4 (Popup, 4)
Batting: RHB Anastasio Hernández 0-0: Fly out, F9 (Flyball, 9LM)
Batting: RHB Scott Robertson 0-0: Ball
1-0: DOUBLE (Line Drive, 8LXD)
Batting: SHB Adrián Zamudio 0-0: Foul Ball, location: 2F
0-1: Foul Ball, location: 2F
0-2: Ball
1-2: DOUBLE (Line Drive, 8RD)
Scott Robertson scores
Batting: RHB Uchino Akahito 0-0: Ball
1-0: Ball
Wild Pitch!
Adrián Zamudio to third
2-0: Foul Ball, location: 2F
2-1: Called Strike
2-2: Foul Ball, location: 2F
2-2: 2-RUN HOME RUN (Flyball, 7LD), Distance : 363 ft
Batting: RHB Pedro Jiménez 0-0: Foul Ball, location: 2F
0-1: Ball
1-1: Ground out 1-3 (Groundball, 15S)
Top of the 8th over - 3 run(s), 3 hit(s), 0 error(s), 0 left on base; Augusta 12 - Alaskan 0
BOTTOM OF THE 8TH
Alaskan Humpbacks batting - Pitching for Augusta Timber Hawks : RHP Sixto Soto
Batting: RHB Gregory Shankland 0-0: Ball
1-0: Ball
2-0: Ground out 6-3 (Groundball, 6)
Batting: RHB José López 0-0: Called Strike
0-1: Fly out, F8 (Flyball, 8RM)
Batting: RHB Augusto Escobar 0-0: Foul Ball, location: 2F
0-1: Ball
1-1: Ball
2-1: Ball
3-1: Fly out, F5 (Line Drive, 5)
Bottom of the 8th over - 0 run(s), 0 hit(s), 0 error(s), 0 left on base; Augusta 12 - Alaskan 0
TOP OF THE 9TH
Augusta Timber Hawks batting - Pitching for Alaskan Humpbacks : LHP José Reyna
Batting: RHB Armond Merlin 0-0: Ball
1-0: Foul Ball, location: 2F
1-1: DOUBLE (Line Drive, 9LD)
Batting: LHB José Pérez 0-0: Ball
1-0: Foul Ball, location: 2F
1-1: Swinging Strike
1-2: Strikes out swinging
Batting: LHB Luis Moreno 0-0: Ground out 6-3 (Groundball, 6M)
Armond Merlin to third
Batting: RHB Kenny Fleming 0-0: Swinging Strike
0-1: Ball
1-1: Ball
2-1: Foul Ball, location: 2F
2-2: Ball
3-2: Fly out, F9 (Flyball, 9S)
Top of the 9th over - 0 run(s), 1 hit(s), 0 error(s), 1 left on base; Augusta 12 - Alaskan 0
BOTTOM OF THE 9TH
Alaskan Humpbacks batting - Pitching for Augusta Timber Hawks : RHP Sixto Soto
Pitching: LHP Damien Scudder
Now at SS: Manuel González
Batting: RHB Jack Peck 0-0: Called Strike
0-1: Ball
1-1: Foul Ball, location: 2F
1-2: Strikes out swinging
Batting: LHB Miguel Martínez 0-0: Swinging Strike
0-1: Ball
1-1: Foul Ball, location: 2F
1-2: Fly out, F7 (Flyball, 78M)
Batting: RHB Urs van Munster 0-0: SINGLE (Groundball, 4MD)
Batting: LHB Kelly Drijver 0-0: Ball
1-0: Foul Ball, location: 2F
1-1: Ground out U3 (Groundball, 3)
Bottom of the 9th over - 0 run(s), 1 hit(s), 0 error(s), 1 left on base; Augusta 12 - Alaskan 0
Friday, August 25th, 2017 - OOTP Baseball 17.12 Build 75